 Dungeon Crawl Stone Soup version 0.28.0-53-g5a82cb258f (webtiles) character file.

Game seed: 12935317573826749469

33 Descartes the Sneak (level 3, -6/17 HPs)
             Began as a Felid Delver on July 4, 2022.
             Mangled by a wyvern skeleton (13 damage)
             ... on level 6 of the Dungeon.
             The game lasted 00:00:37 (78 turns).

Descartes the Sneak (Felid Delver)                    Turns: 78, Time: 00:00:37

Health: -6/17      AC:  1    Str: 10    XL:     3   Next: 12%
Magic:  4/4        EV: 18    Int: 11    God:
Gold:   0          SH:  0    Dex: 17    Spells: 2/2 levels left
                                        Lives:  0   Deaths: 1

rFire   . . .      SeeInvis +     - Unarmed
rCold   . . .      Faith    .   (shield unavailable)
rNeg    . . .      Spirit   .   (armour unavailable)
rPois   .          Reflect  .   (helmet unavailable)
rElec   .          Harm     .   (cloak unavailable)
rCorr   .          Rampage  .   (gloves unavailable)
Will    .....                   (boots unavailable)
Stlth   ++++......              (no amulet)
HPRegen 0.05/turn               (no ring)
MPRegen 0.09/turn               (no ring)

@: quick
A: very small, claws 1, fangs 3, see invisible, speed 1, shaggy fur 1, stealthy
paws, no weapons or thrown items, no armour, multi-lived
a: no special abilities


You were on level 6 of the Dungeon.
You visited 1 branch of the dungeon, and saw 2 of its levels.

Inventory:

Wands
 e - a wand of digging (3)
Scrolls
 a - a scroll of fog
 b - a scroll of magic mapping
 c - a scroll of fear
Potions
 d - a potion of haste


   Skills:
 - Level 3.0 Fighting
 + Level 3.7 Dodging
 * Level 7.8 Stealth
 + Level 2.7 Unarmed Combat


You had 2 spell levels left.
You didn't know any spells.
Your spell library was empty.

Dungeon Overview and Level Annotations

Branches:
Dungeon (6/15)
 Temple: D:4-7

Altars:


Innate Abilities, Weirdness & Mutations

You have sharp claws.
You have razor-sharp teeth.
You have supernaturally acute eyesight. (SInv)
You cover ground quickly. (Speed+)
You are covered in fur. (AC +1)
Your paws help you pounce on unaware monsters.
You are incapable of wielding weapons or throwing items.
You cannot wear armour.
You gain extra lives every three experience levels.


Message History

The kobold brigand hits you with a +0 dagger!
The goblin hits you with a +0 club.
You scratch the kobold brigand but do no damage.
The kobold brigand is lightly wounded.
The kobold brigand misses you. The goblin barely misses you.
You barely miss the kobold brigand. Your bite misses the kobold brigand.
The kobold brigand is lightly wounded.
The kobold brigand closely misses you. The goblin closely misses you.
You scratch the kobold brigand.
The kobold brigand is lightly wounded.
The kobold brigand barely misses you. The goblin hits you with a +0 club.
* * * LOW HITPOINT WARNING * * *
You scratch the kobold brigand.
The kobold brigand is lightly wounded.
The kobold brigand hits you with a +0 dagger.
You die...
The goblin closely misses you.
You are now level 3!
You rejoin the land of the living...
A wyvern skeleton comes into view.
Found a scroll labelled PAL TUSHRUMADAU.
Found a stone staircase leading down.
You pounce on the unaware helpless wyvern skeleton!
You mangle the wyvern skeleton!!
The wyvern skeleton is severely damaged.
The wyvern skeleton closely misses you. x2
You scratch the wyvern skeleton.
The wyvern skeleton is severely damaged.
The wyvern skeleton bites you but does no damage.
You scratch the wyvern skeleton but do no damage.
The wyvern skeleton is severely damaged.
The wyvern skeleton bites you!
Ouch! That really hurt!
You are too injured to fight recklessly!
You are too injured to fight recklessly!
You completely miss the wyvern skeleton.
The wyvern skeleton is severely damaged.
The wyvern skeleton bites you!
Ouch! That really hurt!
You die...

# ######.# ..
....#.# #>
#..?..
#.##.#Z###.#
#!#..@.....#
#.#..#.###.#
#.#..#.###.
###...........
#.......#####.
#..##.#.#
#..##.#.#
#..#..#.#
#.....#.#


You could see a wyvern skeleton.

Vanquished Creatures
  A centaur (D:5)
1 creature vanquished.

Notes
Turn   | Place    | Note
-------+----------+-------------------------------------------
     0 | D:5      | Descartes the Felid Delver began the quest for the Orb.
     0 | D:5      | Reached XP level 1. HP: 10/10 MP: 2/2
     1 | D:5      | Noticed a centaur
     7 | D:5      | Noticed a water moccasin
    10 | D:5      | Killed a centaur
    11 | D:5      | Reached skill level 7 in Stealth
    11 | D:5      | Reached XP level 2. HP: 14/14 MP: 3/3
    11 | D:5      | Reached XP level 3. HP: 17/17 MP: 4/4
    11 | D:5      | Reached XP level 4. HP: 21/21 MP: 5/5
    24 | D:6      | Noticed an ogre
    46 | D:6      | Noticed a kobold brigand
    60 | D:6      | Slain by a kobold brigand
    61 | D:6      | Reached XP level 3. HP: -2/17 MP: 4/4
    78 | D:6      | Mangled by a wyvern skeleton

Illustrated notes

Levels and vault maps discovered:
D:5:      layout_gridville, minmay_temple_entry_gardened_gates,
          kennysheep_pointless_box, kennysheep_potato
D:6:      layout_loops_cross, eat_drink_and_be_merry_uskayaw,
          chequers_temple_overflow_statue_of_worship, minmay_ogre_servants

Skill      XL: |  1 |
---------------+----+-----
Dodging        | 3 |  3.7
Stealth        | 7 |  7.8
Fighting       | |  3.0
Unarmed Combat | |  2.7

Action                   |  1- 3 |  4- 6 || total
-------------------------+-------+-------++-------
Melee: Unarmed           |     7 |    11 ||    18
       Punch             |       |     1 ||     1
       Bite              |       |     1 ||     1
 Stab: Sleeping          |     2 |       ||     2
Armor: Skin              |     1 |     1 ||     2
Dodge: Dodged            |     8 |    15 ||    23
